cohdb
Replays
Latest Replays
All Replays
Popular Replays
Top Player Replays
Match Explorer
How It Works
Community
CoH3 Stats
Reddit
Sign in to upload your games and track your stats! →
Sign in with Steam
Match 47414651
Unlisted
Match 47414651
Overview
Messages
Build Orders
End
Panzergrenadier Squad
Selects Panzerjäger Kommand Battlegroup
Selects Blockade Equipment
Panzergrenadier Squad
250 Light Carrier
Construct Light Support Kompanie
Fire Support Elements
Selects Tank Busters
Panzerjäger Mechanized Group
Vehicle Survival Package
Flakvierling Half-track
2.5-tonne Medical Truck
Selects Crew Shock Tactics
Veteran Squad Leaders
Panzerjäger Mechanized Group
Construct Panzerarmee Kommand
Selects Early Warning
Selects Butterfly Bomb Drop
Early Warning
Armored Reserves
Crew Shock Tactics
Early Warning
Panzerpioneer Squad
Tiger Heavy Tank
Emergency Repair Kits
Construct Mechanized Kompanie
Butterfly Bomb Drop
tianfenhua123
Amadeus
lengfeng988
PovrsAncr
FestiveLongJohns
[MMC] Mamba
Слизняк
VibrantColour
0
0
Comments
sign in to comment!
No comments posted yet!